Map: Orbital Shipyard

Players

Asuka

  • Race: Terran Terran
  • League: Platinum

LilDicky - Winner!

  • Race: Terran Terran
  • League: Diamond

VOD

http://www.twitch.tv/tumescentpie

Description

Time

  • Played on: Jan. 3, 2016, 3:30 p.m.
  • Length: 13:46
Show
View Real Time Build Order
Export as new Build Order

Asuka Terran 

Build Orders:  

Get SALT Encoding   

  12  0:01  SCV  
  13  0:14  SCV  
  14  0:26  SCV, Supply Depot  
  15  0:48  SCV  
  16  0:50  Refinery  
  16  0:51  Barracks  
  16  0:56  Refinery  
  16  1:00  SCV  
  17  1:12  SCV  
  18  1:24  SCV  
  19  1:37  SCV  
  20  1:41  Factory  
  20  1:47  Marine  
  20  1:50  Supply Depot  
  21  1:54  Orbital Command  
  21  2:04  Marine  
  21  2:06  Supply Depot  
  22  2:22  SCV  
  22  2:24  Factory Tech Lab  
  22  2:31  Starport  
  23  2:43  Siege Tank  
  25  2:45  Marine  
  25  2:49  SCV  
  27  3:01  SCV  
  27  3:03  Marine  
  29  3:07  Viking  
  31  3:15  SCV, Siege Tank  
  35  3:21  Marine  
  36  3:36  SCV  
  36  3:39  Marine  
  38  3:52  Supply Depot  
  38  4:03  Command Center  
  38  4:09  Marine  
  38  4:14  Siege Tank  
  40  4:35  Marine  
  38  4:40  Starport Reactor  
  38  4:43  SCV  
  39  4:53  Marine  
  39  4:55  SCV  
  39  5:07  SCV  
  39  5:10  Marine  
  39  5:12  Siege Tank  
  44  5:20  Orbital Command  
  41  5:42  SCV  
  30  5:53  Viking  
  30  5:54  SCV  
  29  6:09  Marine  
  30  6:15  SCV x2  
  29  6:27  Viking x2, Marine  
  33  6:40  SCV x2  
  33  6:44  Marine  
  34  7:05  Marine  
  34  7:10  SCV x2  
  34  7:14  Viking x2  
  40  7:18  Barracks  
  40  7:20  Barracks  
  40  7:22  SCV x2  
  42  7:23  Marine  
  43  7:41  Marine  
  44  7:48  Siege Tank  
  46  7:59  Marine  
  47  8:16  Marine  
  48  8:24  Barracks  
  48  8:34  Marine x3  
  49  8:38  Command Center  
  49  8:40  Barracks  
  49  8:41  Refinery  
  51  8:43  Refinery  
  51  8:51  Marine  
  51  8:52  Marine x2  
  54  9:15  Marine  
  54  9:16  Marine x2  
  57  9:23  Viking x2  
  52  9:46  Marine x3  
  55  10:04  Marine x2  
  57  10:08  Orbital Command  
  57  10:13  Marine  
  58  10:19  Viking x2  
  62  10:21  Marine  
  62  10:22  Marine  
  62  10:23  SCV  
  62  10:27  Engineering Bay  
  65  10:31  Marine  
  65  10:35  SCV  
  63  10:44  Marine x2  
  63  10:47  SCV  
  66  10:52  Marine  
  67  11:02  Marine  
  52  11:15  SCV  
  52  11:17  SCV  
  52  11:22  Marine x3  
  51  11:27  SCV, Siege Tank  
  51  11:28  Medivac  
  51  11:29  SCV, Medivac  
  51  11:30  Marine x2  
  62  11:39  SCV  
  57  11:40  Marine x2  
  57  11:41  SCV  
  48  11:48  Marine x3  
  48  11:51  SCV  
  50  11:58  Marine x2  
  51  12:20  SCV  
  51  12:21  Marine  
  51  12:22  Marine x4  
  57  12:23  Siege Tank  
  57  12:25  Viking  
  62  12:39  SCV  
  62  12:40  Marine  
  62  12:42  Marine  
  61  12:53  Marine  
  61  12:55  Marine  
Show
View Real Time Build Order
Export as new Build Order

LilDicky Terran - Winner!

Build Orders: Liberator Opening 

Get SALT Encoding   

  12  0:02  SCV  
  13  0:14  SCV  
  13  0:19  Supply Depot  
  14  0:26  SCV  
  15  0:35  Refinery  
  15  0:41  SCV  
  16  0:47  Barracks  
  16  0:53  SCV  
  17  1:05  SCV  
  18  1:17  SCV  
  20  1:33  Refinery  
  20  1:38  Marine  
  20  1:39  Supply Depot  
  21  1:41  Orbital Command  
  21  1:44  Factory  
  20  1:55  Marine  
  21  2:10  SCV  
  22  2:19  Marine  
  22  2:22  SCV  
  24  2:25  Supply Depot  
  24  2:30  Factory Tech Lab  
  24  2:33  Starport  
  24  2:36  SCV  
  25  2:46  Marine  
  26  2:52  Siege Tank  
  29  3:00  SCV, Liberator  
  30  3:06  Supply Depot  
  30  3:10  Marine  
  31  3:14  SCV  
  35  3:23  Engineering Bay  
  35  3:26  SCV  
  36  3:28  Siege Tank  
  36  3:33  Marine  
  40  3:35  Supply Depot  
  40  3:38  SCV  
  41  3:50  SCV  
  42  4:00  Siege Tank  
  45  4:04  Barracks Tech Lab  
  45  4:05  Missile Turret  
  45  4:08  Ghost Academy  
  45  4:19  SCV  
  45  4:21  Viking  
  44  4:45  Nuke  
  44  4:48  Supply Depot  
  44  5:00  Supply Depot  
  43  5:08  Siege Tank  
  45  5:35  Ghost  
  41  5:37  Viking  
  41  5:40  Command Center  
  42  5:46  Refinery  
  42  5:47  SCV  
  40  6:07  Viking  
  42  6:11  Marine  
  43  6:23  Siege Tank  
  43  6:33  Supply Depot  
  45  6:42  Personal Cloaking  
  45  6:43  SCV  
  44  6:47  Refinery  
  42  6:55  SCV  
  43  7:05  Siege Tank  
  44  7:09  Starport Reactor  
  44  7:13  Orbital Command  
  44  7:26  SCV  
  45  7:38  Command Center, Barracks  
  45  7:40  SCV, Barracks  
  45  7:41  Barracks  
  46  7:45  Siege Tank  
  46  7:46  Medivac  
  51  7:52  SCV  
  50  8:00  Ghost  
  50  8:05  SCV  
  53  8:09  SCV  
  54  8:15  Viking  
  54  8:16  Viking  
  54  8:17  SCV  
  59  8:23  SCV  
  59  8:26  Missile Turret  
  60  8:29  SCV, Marine  
  62  8:39  Marine x3  
  62  8:40  SCV  
  66  8:42  Widow Mine  
  66  8:47  Marine  
  69  8:49  Armory  
  69  8:54  Armory  
  69  9:02  Viking  
  57  9:54  Viking x2  
  57  9:57  Marine x4  
  65  10:05  Cyclone  
  65  10:06  Orbital Command  
  67  10:10  Command Center, Nuke  
  66  10:22  Marine x2  
  66  10:24  Viking x2  
  66  10:28  Barracks Tech Lab  
  62  11:15  Ghost  
  62  11:16  Marine x2  
  62  11:17  Viking x2  
  70  11:34  Marine  
  60  11:47  Viking  
  60  11:52  Orbital Command  
  62  12:08  Siege Tank  
  62  12:10  Ghost  
  62  12:11  Marine x2  
  62  12:15  Medivac  
  71  12:16  SCV  
  72  12:29  Marine  
  73  12:37  SCV  
  73  12:38  SCV x2, Missile Turret  
  73  12:40  Marauder  
  73  12:41  Marine  
  79  12:47  Marine  
  79  12:50  SCV  
  79  13:16  Command Center  
Tags
 
Add a new tag
Caveats
  • Supply blocks, unpowered buildings, or Contaminate may cause inaccurate times.
  • Supply counts are checked every 10 seconds.